 Dungeon Crawl Stone Soup version 0.18.1-48-g4cf74bf (console) character file.

120438 Kloppie the Phalangite (level 16, -15/138 HPs)
             Began as a Merfolk Berserker on Aug 27, 2016.
             Was the Champion of Trog.
             Blown up by an orb spider (51 damage)
             ... with an orb of destruction
             ... on level 1 of the Spider Nest.
             The game lasted 00:53:04 (28526 turns).

Kloppie the Phalangite (Merfolk Berserker)         Turns: 28526, Time: 00:53:05

Health: -15/138    AC: 22    Str: 21    XL:     16   Next: 82%
Magic:  16/16      EV: 26    Int: 17    God:    Trog [******]
Gold:   1134       SH:  0    Dex: 23    Spells: 0 memorised, 15 levels left

rFire  . . .     SeeInvis +     b - +5 bardiche (freeze)
rCold  . . .     Gourm    .     E - +0 ring mail "Kihudieb" {rCorr Str+4 Int+5}
rNeg   + . .     Faith    .     (shield currently unavailable)
rPois  +         Spirit   .     k - +2 helmet {SInv}
rElec  +         Dismiss  .     z - +1 ratskin cloak {rPois rN+ Int-1 Dex-1}
rCorr  +         Reflect  .     n - +5 pair of gloves "Nafuij" {-Cast rElec Int+4 Dex+4}
SustAt .         Harm     .     O - +2 pair of boots of the Assassin {DetectMon Stab+ Stlth++}
MR     ++...     NoCast   +     (no amulet)
Stlth  ++++......               I - ring "Biloloc" {EV+1 Int+2 Slay+3}
                                r - ring of protection from magic

@: very resistant to hostile enchantments, stealthy
A: change form in water, swift swim
a: Berserk, Trog's Hand, Brothers in Arms, Burn Spellbooks, Renounce Religion


You were on level 1 of the Spider Nest.
You worshipped Trog.
Trog was exalted by your worship.
You were not hungry.

You visited 4 branches of the dungeon, and saw 26 of its levels.
You visited 1 bazaar.
You also visited: Labyrinth and Ice Cave.

You collected 2540 gold pieces.
You spent 1406 gold pieces at shops.

Inventory:

Hand Weapons
 a - a +4 halberd of flaming
 b - a +5 bardiche of freezing (weapon)
Armour
 k - a +2 helmet of see invisible (worn)
 n - the +5 pair of gloves "Nafuij" (worn) {-Cast rElec Int+4 Dex+4}
   (You bought it in a shop on level 2 of the Orcish Mines)

   It affects your intelligence (+4).
   It affects your dexterity (+4).
   It insulates you from electricity.
   It prevents spellcasting.
 z - the +1 ratskin cloak (worn) {rPois rN+ Int-1 Dex-1}
   (You found it in an ice cave)

   It affects your intelligence (-1).
   It affects your dexterity (-1).
   It protects you from poison.
   It protects you from negative energy.
 E - the +0 ring mail "Kihudieb" (worn) {rCorr Str+4 Int+5}
   (You found it on level 5 of the Dungeon)

   It affects your strength (+4).
   It affects your intelligence (+5).
   It protects you from acid and corrosion.
 O - the +2 pair of boots of the Assassin (worn) {DetectMon Stab+ Stlth++}
   (You bought it in a shop on level 10 of the Dungeon)

   It makes you much more stealthy.
Jewellery
 d - an uncursed amulet of faith
 l - an uncursed ring of flight
 r - a ring of protection from magic (left hand)
 B - an uncursed ring of protection from fire
 H - an uncursed ring of protection from cold
 I - the ring "Biloloc" (right hand) {EV+1 Int+2 Slay+3}
   (You found it on level 1 of the Spider Nest)

   [ring of evasion]

   It affects your evasion (+1).
   It affects your intelligence (+2).
   It affects your accuracy and damage with ranged weapons and melee attacks
   (+3).
 V - an uncursed ring of poison resistance
Wands
 h - a wand of heal wounds (6/9)
 m - a wand of heal wounds (5/9)
 w - a wand of heal wounds (4/9)
 G - a wand of digging (9/24)
 R - a wand of digging (15/24)
Scrolls
 e - 5 scrolls of teleportation
 f - a scroll of fog
 g - a scroll of silence
 j - 7 scrolls of identify
 s - 6 scrolls of remove curse
 y - 5 scrolls of enchant armour
 J - 2 scrolls of enchant weapon
 L - a scroll of fear
 Q - a scroll of blinking
 T - a scroll of recharging
 U - a scroll of holy word
Potions
 i - 9 potions of curing
 o - 7 potions of might
 p - a potion of invisibility {unknown}
 q - 4 potions of haste
 C - 3 potions of heal wounds
 D - a potion of magic
 F - 2 potions of resistance
 K - a potion of flight
 M - a potion of cancellation
Books
 x - a book of Enchantments

   Spells                             Type                      Level
   a - Cause Fear                     Hexes                        4
   b - Yara's Violent Unravelling     Hexes/Transmutation          5
   c - Silence                        Hexes/Air                    5
   d - Deflect Missiles               Charms/Air                   6
   e - Haste                          Charms                       6
   f - Discord                        Hexes                        8
   Trog disapproves of the use of such an item.
Comestibles
 c - 13 bread rations
 t - 12 slices of pizza
 u - 7 fruits
 v - 7 beef jerkies
 A - 5 meat rations


   Skills:
 - Level 15.8 Fighting
 - Level 26.0 Polearms
 + Level 8.4 Armour
 - Level 14.0 Dodging
 + Level 1.2 Stealth


You had 15 spell levels left.
You didn't know any spells.

Dungeon Overview and Level Annotations

Branches:
Dungeon (15/15)            Temple (0/1) D:7            Lair (8/8) D:11
 Shoals (0/4) Lair:4       Spider (1/4) Lair:4        Slime (0/6) Lair:8
    Orc (2/2) D:10            Elf (0/3) Orc:2        Vaults (0/5) D:13
 Depths (0/5) D:15

Altars:
Ashenzari
Cheibriados
Dithmenos
Fedhas
Makhleb
Nemelex Xobeh
Pakellas
Qazlal
Sif Muna
Vehumet
Zin
Beogh

Shops:
D:8 *   D:10 ([   D:12 :   Orc:2 [[%!(

Portals:
Trove: D:15 (give +2 gold dragon armour)


Message History

* * * LOW HITPOINT WARNING * * *
The wolf spider bites you but does no damage.
Found a battleaxe.
Your surroundings suddenly seem different.
You start resting.
You feel the effects of Trog's Hand fading.
You start resting.
Your skin stops crawling.
You feel less resistant to hostile enchantments.
You start resting.
A tarantella comes into view.
Evoke which item? (* to show all) (? for menu, Esc to quit)
Zapping:
G - a wand of digging (10/24)
Press: ? - help, Shift-Dir - straight line, p - orb spider The rock shatters into small pieces.
This wand has 9 charges left.
The tarantella hisses angrily.
The orb spider hisses angrily.
The orb spider weaves a glowing orb of energy.
An orb of destruction comes into view.
The orb of destruction hits you!
You die...

.#.)......>...#
.##....#.....##
...........^..^#
...#......s...##
.#.............#
###....#...§...## #
#......^#.§...#
...##...#..§.######
#.## #..##..s§@...#
## #############


You could see an orb spider and a tarantella.

Vanquished Creatures
  Donald (D:13)
  Snorg (Lair:6)
  2 blizzard demons (IceCv)
  A minotaur (Lab)
  Josephine (Lair:6)
  An ice dragon (Lair:8)
  A great orb of eyes (D:14)
  A rakshasa (D:15)
  5 hydras
  The ghost of Anatei the Fighter, a novice MiFi of Okawaru (Orc:1)
  3 catoblepae
  8 centaur warriors
  A death knight (D:15)
  An anaconda (Lair:4)
  7 death yaks
  4 orc high priests (Orc:2)
  A skeletal warrior (D:13)
  The ghost of rastmirit the Protected, a novice FoFi of Okawaru (D:7)
  A fire crab (Lair:8)
  4 unseen horrors
  6 hill giants
  A wizard (D:14)
  A necromancer (D:15)
  4 deep elf magi (D:15)
  A lindwurm (Lair:8)
  9 ugly things
  2 griffons
  2 orc sorcerers
  An orb spider (Spider:1)
  2 cyclopes
  Maurice (D:13)
  6 wolf spiders (Spider:1)
  5 elephants (Lair:8)
  A manticore (D:14)
  12 black mambas
  A guardian serpent (shapeshifter) (D:13)
  Psyche (D:12)
  13 spiny frogs
  2 ice statues (IceCv)
  4 centaur skeletons
  4 gargoyles
  6 torpor snails (Lair:8)
  2 freezing wraiths (D:15)
  2 kobold demonologists (D:14)
  4 yaktaurs (D:14)
  2 rime drakes
  An anaconda simulacrum (IceCv)
  A golden dragon simulacrum (IceCv)
  8 komodo dragons
  2 demonic crawlers
  10 ice devils (IceCv)
  3 trolls
  6 polar bears
  5 jumping spiders
  3 two-headed ogres
  A minotaur skeleton (Lab)
  A harpy zombie (D:15)
  The ghost of ayyllmao the Shield-Bearer, an amateur FoFi of Ru (D:5)
  3 giant leeches (Lair:8)
  25 blink frogs
  A boulder beetle (Spider:1)
  A harpy skeleton (D:15)
  A shadow (D:15)
  2 tarantellas (Spider:1)
  4 wraiths
  A wyvern (Lair:3)
  Sigmund (D:3)
  3 dire elephant simulacra (IceCv)
  12 redbacks
  4 vampire mosquitoes (D:15)
  70 yaks
  9 hippogriffs
  17 humans
  5 basilisks
  2 hungry ghosts
  A mottled dragon (D:14)
  2 wargs (Orc:2)
  2 harpy simulacra (IceCv)
  2 iron troll simulacra (IceCv)
  17 water moccasins
  14 porcupines
  2 hell hounds (D:11)
  4 sky beasts
  5 wasps
  12 ice beasts
  2 black bears
  An ettin simulacrum (IceCv)
  26 orc warriors
  A necrophage (D:8)
  14 ogres
  5 phantoms
  22 wolves
  11 centaurs
  16 crocodiles
  2 big kobolds
  A wyvern zombie (D:14)
  24 giant frogs
  A wyvern skeleton (D:14)
  5 scorpions
  A howler monkey (D:6)
  4 vampire bats (D:14)
  14 wights
  3 electric eels
  3 quasits
  7 crimson imps
  9 centaur zombies
  3 giant frog zombies
  7 jellies
  6 hounds
  23 orc priests
  4 giant frog skeletons
  30 orc wizards
  A gnoll shaman (D:3)
  6 worker ants
  18 iguanas
  50 sheep
  A worker ant zombie (D:8)
  8 adders
  7 gnolls
  34 river rats
  A shadow imp (D:15)
  3 oozes
  24 worms
  6 giant geckos
  72 orcs
  4 ball pythons
  3 giant cockroaches
  4 goblins
  8 hobgoblins
  16 jackals
  4 quokkas
  14 bats
  8 giant newts
  11 kobolds
  A quokka skeleton (D:6)
  37 rats
  2 fungi (Lair:8)
  2 plants
995 creatures vanquished.

Vanquished Creatures (collateral kills)
  An orc sorcerer (Orc:2)
  An orc priest (Orc:2)
  2 orc wizards (Orc:2)
4 creatures vanquished.

Vanquished Creatures (others)
  An orc wizard (D:7)
  A worm (Lair:8)
  A bush (Lair:7)
  14 fungi
  27 plants
44 creatures vanquished.

Grand Total: 1043 creatures vanquished

Notes
Turn   | Place    | Note
--------------------------------------------------------------
     0 | D:1      | Kloppie the Merfolk Berserker began the quest for the Orb.
     0 | D:1      | Reached XP level 1. HP: 18/18 MP: 1/1
    70 | D:1      | Reached XP level 2. HP: 22/24 MP: 2/2
   433 | D:1      | Reached XP level 3. HP: 20/30 MP: 3/3
   576 | D:2      | Reached skill level 5 in Polearms
   580 | D:2      | Reached ** piety under Trog
   701 | D:2      | Found a burning altar of Makhleb.
   798 | D:2      | Reached XP level 4. HP: 37/37 MP: 4/4
  1532 | D:3      | Reached XP level 5. HP: 42/43 MP: 5/5
  1710 | D:3      | Reached skill level 6 in Polearms
  1745 | D:3      | Reached *** piety under Trog
  2197 | D:3      | Reached skill level 5 in Fighting
  2197 | D:3      | Reached XP level 6. HP: 51/51 MP: 6/6
  2206 | D:3      | Reached **** piety under Trog
  2450 | D:3      | Noticed Sigmund
  2467 | D:3      | Killed Sigmund
  2467 | D:3      | Reached skill level 7 in Polearms
  2467 | D:3      | Reached skill level 5 in Dodging
  2899 | D:4      | Reached XP level 7. HP: 31/56 MP: 7/7
  3286 | D:4      | Found a stormy altar of Qazlal.
  3311 | D:4      | Found an oddly glowing altar of Pakellas.
  3462 | D:4      | Reached skill level 8 in Polearms
  3762 | D:5      | Entered Level 5 of the Dungeon
  3793 | D:5      | Noticed ayyllmao's ghost (amateur FoFi)
  3812 | D:5      | Killed ayyllmao's ghost
  3812 | D:5      | Reached XP level 8. HP: 43/65 MP: 8/8
  3819 | D:5      | Got an emerald-encrusted ring mail
  3858 | D:4      | Identified the cursed +0 ring mail "Kihudieb" {rCorr Str+4 Int+5} (You found it on level 5 of the Dungeon)
  4025 | D:5      | Found a shadowy altar of Dithmenos.
  4310 | D:5      | Reached skill level 9 in Polearms
  4645 | D:6      | Reached skill level 10 in Polearms
  4658 | D:6      | Reached XP level 9. HP: 64/73 MP: 9/9
  5118 | D:7      | Reached ***** piety under Trog
  5218 | D:7      | Reached skill level 11 in Polearms
  5255 | D:7      | Noticed rastmirit's ghost (novice FoFi)
  5435 | D:7      | Killed rastmirit's ghost
  5435 | D:7      | Reached skill level 10 in Dodging
  5518 | D:7      | Found a staircase to the Ecumenical Temple.
  5555 | D:7      | You fall through a shaft for 2 floors!
  5644 | D:8      | Found a snail-covered altar of Cheibriados.
  5657 | D:8      | Found Zin's Purification Station.
  5660 | D:8      | Found a glowing silver altar of Zin.
  5714 | D:8      | Reached skill level 12 in Polearms
  5714 | D:8      | Reached XP level 10. HP: 67/83 MP: 10/10
  5828 | D:7      | Found a blossoming altar of Fedhas.
  5927 | D:7      | Received a gift from Trog
  6590 | D:8      | Got a faintly humming leather armour
  6803 | D:8      | Found a radiant altar of Vehumet.
  7132 | D:8      | Found a deep blue altar of Sif Muna.
  7156 | D:8      | Identified Sif Muna's Disquisition on the Oath
  7290 | D:9      | Reached skill level 10 in Fighting
  7301 | D:9      | Reached skill level 13 in Polearms
  7622 | D:9      | Found a shattered altar of Ashenzari.
  7748 | D:9      | Reached XP level 11. HP: 92/92 MP: 11/11
  7877 | D:10     | Entered Level 10 of the Dungeon
  8020 | D:10     | Found Atzufogh's Armour Emporium.
  8021 | D:10     | Noticed a hill giant
  8022 | D:10     | Found a staircase to the Orcish Mines.
  8084 | D:10     | Killed a hill giant
  8084 | D:10     | Reached skill level 14 in Polearms
  8228 | D:10     | Killed an unseen horror
  8603 | D:10     | Found Guniteuts's Weapon Emporium.
  8644 | D:10     | Bought the +2 pair of boots of the Assassin {DetectMon Stab+ Stlth++} for 352 gold pieces
  8669 | D:10     | Noticed a hill giant
  8679 | D:10     | Killed a hill giant
  9375 | D:10     | Identified a scroll of acquirement
  9427 | D:10     | Identified the +3 leather armour of Midnight {Dex+4} (You found it on level 8 of the Dungeon)
  9560 | D:11     | Found a staircase to the Lair.
  9587 | D:11     | Received a gift from Trog
  9987 | D:11     | Killed an unseen horror
  9987 | D:11     | Reached skill level 15 in Polearms
 10122 | Lair:1   | Entered Level 1 of the Lair of Beasts
 10185 | Lair:1   | Reached XP level 12. HP: 88/102 MP: 12/12
 10900 | Lair:2   | Reached skill level 16 in Polearms
 11373 | Lair:2   | Reached skill level 17 in Polearms
 11580 | Lair:2   | Noticed a five-headed hydra
 11585 | Lair:2   | Killed a three-headed hydra
 12186 | Lair:3   | Reached ****** piety under Trog
 12349 | Lair:3   | Reached skill level 18 in Polearms
 12493 | Lair:3   | Received a gift from Trog
 12984 | Lair:4   | Noticed a six-headed hydra
 12986 | Lair:4   | Reached skill level 19 in Polearms
 13000 | Lair:4   | Killed a four-headed hydra
 13001 | Lair:4   | Reached XP level 13. HP: 59/108 MP: 13/13
 13109 | Lair:4   | Found a staircase to the Shoals.
 13417 | Lair:3   | Reached skill level 20 in Polearms
 13975 | Lair:4   | Received a gift from Trog
 14401 | Lair:4   | Found a hole to the Spider Nest.
 14455 | Lair:4   | Reached skill level 21 in Polearms
 15236 | Lair:5   | Received a gift from Trog
 16018 | Lair:5   | Reached skill level 5 in Armour
 16422 | Lair:6   | Noticed Josephine
 16441 | Lair:6   | Killed Josephine
 16441 | Lair:6   | Reached XP level 14. HP: 113/115 MP: 14/14
 16716 | Lair:6   | Noticed Snorg
 16728 | Lair:6   | Killed Snorg
 17577 | Lair:7   | Received a gift from Trog
 17707 | Lair:7   | Received a gift from Trog
 19127 | D:12     | Reached skill level 22 in Polearms
 19265 | D:12     | Noticed Psyche
 19288 | D:12     | Killed Psyche
 19630 | D:12     | Found Cooxuask's Book Emporium.
 19984 | D:13     | Noticed Maurice
 19990 | D:13     | Killed Maurice
 20011 | D:13     | Found a flickering gateway to a bazaar.
 20033 | Bazaar   | Entered a bazaar
 20100 | Bazaar   | Found Uryar's Gadget Shop.
 20113 | Bazaar   | Found Velyum's Book Shop.
 20156 | Bazaar   | Bought a wand of digging (10/24) for 308 gold pieces
 20215 | D:13     | Noticed Donald
 20218 | D:13     | Found a gate to the Vaults.
 20237 | D:13     | Killed Donald
 20250 | D:13     | Reached skill level 23 in Polearms
 20261 | D:13     | Reached XP level 15. HP: 33/121 MP: 15/15
 20677 | D:13     | Got a crude golden ring
 20679 | D:13     | Identified the ring of the Sybil {MP+9 Str+3} (You took it off a human on level 13 of the Dungeon)
 20735 | D:13     | Received a gift from Trog
 21370 | D:13     | Reached skill level 24 in Polearms
 22552 | D:15     | Entered Level 15 of the Dungeon
 22619 | D:15     | Reached skill level 25 in Polearms
 22671 | D:15     | Found a sparkling altar of Nemelex Xobeh.
 22797 | D:15     | Found a burning altar of Makhleb.
 23048 | D:15     | Found a staircase to the Depths.
 23082 | D:15     | Found a portal to a secret trove of treasure.
 23186 | D:15     | HP: 5/121 [centaur warrior (8)]
 23987 | Orc:1    | Entered Level 1 of the Orcish Mines
 24053 | Orc:1    | Received a gift from Trog
 24131 | Orc:2    | Entered Level 2 of the Orcish Mines
 24144 | Orc:2    | Found a labyrinth entrance.
 24153 | Lab      | Entered a labyrinth
 24337 | Lab      | Reached skill level 26 in Polearms
 24364 | Lab      | Identified the Incunabulum of Battle Magic and Aid
 24506 | Orc:2    | Found Cass's Weapon Emporium.
 24530 | Orc:2    | Reached XP level 16. HP: 115/128 MP: 16/16
 24918 | Orc:2    | Found a staircase to the Elven Halls.
 25230 | Orc:1    | Found a roughly hewn altar of Beogh.
 25253 | Orc:1    | Noticed Anatei's ghost (novice MiFi)
 25263 | Orc:1    | Killed Anatei's ghost
 25715 | Orc:2    | Found Mutawee Xidu's Armour Emporium.
 25716 | Orc:2    | Found Luorar's Armour Emporium.
 25717 | Orc:2    | Found Kogimid's Distillery.
 25720 | Orc:2    | Found Xyeparocw's Food Shoppe.
 25726 | Orc:2    | Bought the +5 pair of gloves "Nafuij" {-Cast rElec Int+4 Dex+4} for 746 gold pieces
 25969 | Orc:2    | Received a gift from Trog
 26288 | Lair:8   | Entered Level 8 of the Lair of Beasts
 26402 | Lair:8   | Found a staircase to the Slime Pits.
 27289 | Lair:8   | Found a runed door.
 27859 | Spider:1 | Entered Level 1 of the Spider Nest
 27859 | Spider:1 | Found a frozen archway.
 27890 | Spider:1 | Received a gift from Trog
 27905 | IceCv    | Entered an ice cave
 27951 | IceCv    | Reached skill level 15 in Fighting
 28289 | Spider:1 | Got a twitching iron ring
 28372 | Spider:1 | Identified the ring "Biloloc" {EV+1 Int+2 Slay+3} (You found it on level 1 of the Spider Nest)
 28445 | Spider:1 | Reached skill level 1 in Stealth
 28473 | Spider:1 | HP: 2/138 [wolf spider (18)]
 28526 | Spider:1 | Blown up by an orb spider

Skill      XL: |  1  2  3  4  5  6  7  8  9 10 11 12 13 14 15 16 |
---------------+-------------------------------------------------+-----
Dodging        | 3 4 5 6 8 10 12 13 14 | 14.0
Polearms       | 5 6 7 8 10 12 13 15 19 21 23 26 | 26.0
Fighting       | 4 5 6 7 9 10 12 15 | 15.8
Armour         | 5 8 |  8.4
Stealth        | 1 |  1.2

Action                   |  1- 3 |  4- 6 |  7- 9 | 10-12 | 13-15 | 16-18 || total
-------------------------+-------+-------+-------+-------+-------+-------++-------
Melee: Spear             |   110 |   309 |    38 |       |       |       ||   457
       Trident           |       |       |   442 |   524 |       |       ||   966
       Halberd           |       |       |       |   147 |       |       ||   147
       Bardiche          |       |       |       |   159 |  1156 |   579 ||  1894
       Tailslap          |       |       |       |       |     2 |       ||     2
Invok: Berserk           |     1 |     3 |     5 |     4 |     7 |     1 ||    21
       Trog's Hand       |       |     2 |     3 |     4 |    12 |     3 ||    24
       Brothers in Arms  |       |       |       |       |     1 |     1 ||     2
Evoke: Wand              |       |     1 |       |       |     1 |     1 ||     3
  Use: Scroll            |       |     3 |     8 |    13 |    15 |    10 ||    49
       Potion            |       |       |       |       |     3 |     1 ||     4
 Stab: Distracted        |     1 |       |       |     2 |     4 |     7 ||    14
       Sleeping          |       |       |       |    15 |    21 |    13 ||    49
  Eat: Chunk             |       |    10 |    11 |    27 |    28 |     4 ||    80
       Meat ration       |       |       |     1 |     1 |     4 |     2 ||     8
       Royal jelly       |       |       |       |       |     1 |       ||     1
Armor: Animal skin       |     7 |       |       |       |       |       ||     7
       Scale mail        |    11 |    73 |     8 |       |       |       ||    92
       Ring mail         |       |       |    94 |   118 |   242 |    92 ||   546
Dodge: Dodged            |    56 |    99 |   235 |   522 |   985 |   414 ||  2311
